 Dungeon Crawl Stone Soup version 0.28.0 (webtiles) character file.

Game seed: 5570339137428349502

154 BeingJoeMalik the Poker (level 5, -2/41 HPs)
             Began as a Merfolk Fighter on Feb 15, 2022.
             Was an Initiate of Hepliaklqana.
             Slain by Natasha (4 damage)
             ... on level 2 of the Dungeon.
             The game lasted 00:05:08 (1672 turns).

BeingJoeMalik the Poker (Merfolk Fighter)           Turns: 1672, Time: 00:05:09

Health: -2/41      AC:  6    Str: 17    XL:     5   Next: 36%
Magic:  5/5        EV:  8    Int:  9    God:    Hepliaklqana [......]
Gold:   73         SH:  5    Dex: 13    Spells: 4/4 levels left

rFire   . . .      SeeInvis .   a - +0 trident
rCold   . . .      Faith    .   c - +0 buckler
rNeg    . . .      Spirit   .   b - +0 scale mail
rPois   .          Reflect  .   (no helmet)
rElec   .          Harm     .   (no cloak)
rCorr   .          Rampage  .   (no gloves)
Will    .....                   (no boots)
Stlth   ..........              (no amulet)
HPRegen 0.13/turn               (no ring)
MPRegen 0.09/turn               (no ring)

@: mighty, lethally poisoned (-2 -> -8)
A: (nimble swimmer 2), mertail
a: Renounce Religion


You were on level 2 of the Dungeon.
You worshipped Hepliaklqana.
Hepliaklqana was noncommittal.
You visited 1 branch of the dungeon, and saw 4 of its levels.

You collected 73 gold pieces.

Inventory:

Hand Weapons
 a - a +0 trident (weapon)
Missiles
 k - 4 poisoned darts (quivered)
Armour
 b - a +0 scale mail (worn)
 c - a +0 buckler (worn)
Jewellery
 j - a ring of fire
Scrolls
 f - 2 scrolls of identify {unknown}
 g - a scroll of noise {unknown}
 h - a scroll of enchant armour {unknown}
 l - a scroll of blinking {unknown}
 m - a scroll of immolation {unknown}


   Skills:
 - Level 3.2 Fighting
 + Level 6.4 Polearms
 - Level 2.1 Armour
 + Level 4.3 Shields


You had 4 spell levels left.
You didn't know any spells.
Your spell library contained the following spells:

 Spells                   Type           Power      Damage    Failure   Level
 Magic Dart               Conj           0%         1d3       88%         1
 Searing Ray              Conj           0%         2d4       95%         2
 Fulminant Prism          Conj/Hex       0%         3d6       100%        4
 Blade Hands              Tmut           0%         N/A       100%        5
 Irradiate                Conj/Tmut      0%         3d13      100%        5
 Dragon Form              Tmut           0%         N/A       100%        7


Dungeon Overview and Level Annotations

Branches:
Dungeon (4/15)
 Temple: D:4-7

Altars:
Hepliaklqana

Annotations:
D:2 Natasha


Innate Abilities, Weirdness & Mutations

((You are very nimble when in or above water. (Stealth+, EV+, Speed+++)))
Your lower body shifts to a powerful aquatic tail in water.


Message History

You hit Natasha.
Natasha is moderately wounded.
You feel sick. The adder bites you. The quokka barely misses you.
Natasha claws you but does no damage.
You hit Natasha.
Natasha is heavily wounded.
You feel sick. You block the adder's attack. You block the quokka's attack.
Natasha stares at you and mumbles some strange words.
The magic dart hits you. The adder bites you.
You are more poisoned.
The adder poisons you!
You miss the adder.
You feel sick. You block the quokka's attack. Natasha misses you.
The adder bites you but does no damage. You block the quokka's attack.
Unknown command.
You closely miss the adder.
You feel sick. The adder bites you.
You are more poisoned.
The adder poisons you!
Natasha stares at you and mumbles some strange words.
The magic dart hits you.
* * * LOW HITPOINT WARNING * * *
The quokka barely misses you.
You impale the adder!!
You kill the adder!
* * * LOW HITPOINT WARNING * * *
You feel sick. Natasha claws you.
* * * LOW HITPOINT WARNING * * *
The quokka bites you.
* * * LOW HITPOINT WARNING * * *
You barely miss Natasha.
Natasha is heavily wounded.
* * * LOW HITPOINT WARNING * * *
You feel sick. The quokka barely misses you. Natasha claws you.
* * * LOW HITPOINT WARNING * * *
Unknown command.
You hit Natasha but do no damage.
Natasha is heavily wounded.
* * * LOW HITPOINT WARNING * * *
You feel sick. The quokka barely misses you. Natasha claws you.
You die...

....##.>.##.#... ....
#.........#.#.# .....
............#.##.....
...##........†......#
.........##.........#
.....................
.....
...##...##...##...#
.... ###
#...##...#....# ...
#...#h@.!....... ..
##...r.#........ .
#............... ##.
#.......)........
#.....
.................
......
#.#+..###....####
.###.. . .## ......
.... .. ...... .####


You could see Natasha and a quokka.

Vanquished Creatures
  Natasha (twice) (D:2)
  5 adders
  2 worms (D:3)
  2 dart slugs
  5 orcs
  4 ball pythons
  4 endoplasms
  4 giant cockroaches
  4 goblins
  2 jackals (D:4)
  3 quokkas
  4 bats
  3 frilled lizards
  2 kobolds (D:3)
  3 rats
49 creatures vanquished.

Notes
Turn   | Place    | Note
-------+----------+-------------------------------------------
     0 | D:1      | BeingJoeMalik the Merfolk Fighter began the quest for the
                  | Orb.
     0 | D:1      | Reached XP level 1. HP: 18/18 MP: 1/1
   128 | D:1      | Reached XP level 2. HP: 24/24 MP: 2/2
   433 | D:3      | Reached XP level 3. HP: 29/29 MP: 3/3
   527 | D:3      | Reached skill level 4 in Polearms
   671 | D:2      | Noticed Natasha
   938 | D:3      | Found a hazy altar of Hepliaklqana.
   974 | D:3      | Became a worshipper of Hepliaklqana the Forgotten
  1009 | D:3      | Reached XP level 4. HP: 35/35 MP: 4/4
  1281 | D:4      | Reached skill level 5 in Polearms
  1339 | D:4      | Noticed a black bear
  1474 | D:2      | Killed Natasha
  1475 | D:2      | Reached XP level 5. HP: 36/41 MP: 5/5
  1563 | D:2      | Noticed Natasha
  1573 | D:2      | Killed Natasha
  1574 | D:2      | Reached skill level 6 in Polearms
  1659 | D:2      | Noticed Natasha
  1671 | D:2      | HP: 2/41 [Natasha (2)]
  1672 | D:2      | Slain by Natasha

Illustrated notes

Levels and vault maps discovered:
D:1:      dpeg_arrival_line_fractal, layout_rooms
D:2:      layout_rooms, hellmonk_ecumenical_altar_blasted, uniq_natasha
D:3:      layout_rooms, mainiacjoe_overflow_surrounded_room,
          minmay_misc_feat_columns
D:4:      wad_crossroads, layout_rooms, uniq_menkaure

Skill      XL: |  1  2  3  4  5 |
---------------+----------------+-----
Polearms       | 4 5 6 |  6.4
Shields        | 4 |  4.3
Fighting       | |  3.2
Armour         | |  2.1

Action                   |  1- 3 |  4- 6 || total
-------------------------+-------+-------++-------
Melee: Trident           |   107 |    70 ||   177
  Use: Potion            |       |     3 ||     3
Armor: Scale mail        |    36 |    23 ||    59
Dodge: Dodged            |    31 |    22 ||    53
Block: Buckler           |    19 |    14 ||    33
